 Dungeon Crawl Stone Soup version 0.29.1-4-g47bece8355 (webtiles) character file.

Game seed: 9828062895816012890

17 javelincjr the Sneak (level 2, 0/24 HPs)
             Began as a Human Delver on Dec 5, 2022.
             Slain by an orc wizard
             ... wielding a +0 dagger
              (2 damage)
             ... on level 3 of the Dungeon.
             The game lasted 00:02:35 (490 turns).

javelincjr the Sneak (Human Delver)                  Turns: 490, Time: 00:02:36

Health: 0/24       AC:  3    Str: 12    XL:     2   Next: 80%
Magic:  2/2        EV: 12    Int: 10    God:
Gold:   37         SH:  0    Dex: 14    Spells: 1/1 levels left

rFire   . . .      SeeInvis .   a - +0 spear
rCold   . . .      Faith    .   (no shield)
rNeg    . . .      Spirit   .   b - +0 leather armour
rPois   .          Reflect  .   (no helmet)
rElec   .          Harm     .   (no cloak)
rCorr   .          Rampage  .   (no gloves)
Will    .....                   (no boots)
Stlth   +.........              (no amulet)
HPRegen 0.08/turn               (no ring)
MPRegen 0.08/turn               (no ring)

@: confused
A: no striking features
a: no special abilities


You were on level 3 of the Dungeon.
You visited 1 branch of the dungeon, and saw 4 of its levels.

You collected 37 gold pieces.

Inventory:

Hand Weapons
 a - a +0 spear (weapon)
 i - a +0 war axe
Missiles
 h - a poisoned dart (quivered)
Armour
 b - a +0 leather armour (worn)
Wands
 g - a wand of digging (3)
Scrolls
 c - a scroll of fog
 d - a scroll of magic mapping
 e - a scroll of fear
Potions
 f - a potion of haste


   Skills:
 + Level 3.1 Fighting
 + Level 2.2 Polearms
 + Level 2.0 Dodging
 + Level 5.4 Stealth


You had one spell level left.
You didn't know any spells.
Your spell library contained the following spells:

 Spells                   Type           Power      Damage    Failure   Level
 Conjure Flame            Conj/Fire      0%         6-21      82%         3
 Ignite Poison            Fire/Tmut/Pois 0%         N/A       82%         3
 Sticky Flame             Conj/Fire      0%         2d3       99%         4


Dungeon Overview and Level Annotations

Branches:
Dungeon (6/15)
 Temple: D:4-7

Altars:


Message History

You hit the orc.
The orc is severely wounded.
You hit the orc but do no damage.
The orc is severely wounded.
The orc closely misses you.
You hit the orc but do no damage.
The orc is severely wounded.
The orc barely misses you.
You barely miss the orc.
The orc is severely wounded.
The orc barely misses you.
You barely miss the orc.
The orc is severely wounded.
The orc closely misses you.
You hit the orc but do no damage.
The orc is severely wounded.
The orc misses you.
You hit the orc but do no damage.
The orc is severely wounded.
The orc closely misses you.
You barely miss the orc.
The orc is severely wounded.
The orc hits you with a +0 flail.
You hit the orc.
You kill the orc!
The orc wizard casts a spell at you.
You are confused.
The orc wizard hits you with a +0 dagger.
* * * LOW HITPOINT WARNING * * *
Items here: )) [[.
You bump into the rock wall.
The orc wizard hits you with a +0 dagger.
* * * LOW HITPOINT WARNING * * *
You barely miss the orc wizard.
The orc wizard points at you and mumbles some strange words.
You resist with significant effort.
You miss the orc wizard. The orc wizard closely misses you.
You bump into the rock wall.
The orc wizard hits you with a +0 dagger.
You die...

#.# #.#
#######.####
...........
.##......#
....###>.#####. #
#.............#
#.###..#####.##.##
#...@o.((.(...
#.############
#.#######.#
#.....)...#
###########


You could see an orc wizard.

Vanquished Creatures
  An adder (D:4)
  3 orcs (D:3)
  A giant cockroach (D:3)
  A rat (D:3)
6 creatures vanquished.

Notes
Turn   | Place    | Note
-------+----------+-------------------------------------------
     0 | D:5      | javelincjr the Human Delver began the quest for the Orb.
     0 | D:5      | Reached XP level 1. HP: 18/18 MP: 1/1
   163 | D:4      | Reached XP level 2. HP: 7/24 MP: 2/2
   490 | D:3      | Slain by an orc wizard

Illustrated notes

Levels and vault maps discovered:
D:3:      layout_loops_ring, uniq_ijyb
D:4:      layout_gridville, tso_metal_star, mainiacjoe_overflow_24_doors,
          mainiacjoe_overflow_brackets, guppyfry_early_lair_pool, uniq_duvessa
D:5:      layout_basic, grunt_gozag_statues, gammafunk_temple_overflow_statue,
          hellmonk_ghost_happy_afterlife, serial_shops, shop,
          minmay_crystal_water, nicolae_figureground_sparkle
D:6:      layout_loops_cross, elyvilon_altar_1,
          minmay_temple_entry_statues_pillars, serial_shops, shop,
          lemuel_flamethrower_2

Action                   || total
-------------------------++-------
Melee: Spear             ||    45
Throw: Dart              ||     6
  Use: Potion            ||     1
Armor: Leather armour    ||     4
Dodge: Dodged            ||    26
